 Dungeon Crawl Stone Soup version 0.28.0-53-g5a82cb258f (webtiles) character file.

Game seed: 15792203739389473992

362 kudzoo the Grave Robber (level 6, -9/46 HPs)
             Began as a Ghoul Necromancer on July 30, 2022.
             Was a High Priest of Ignis.
             Mangled by a gnoll
             ... wielding a +0 flail
              (12 damage)
             ... on level 3 of the Dungeon.
             The game lasted 00:54:58 (3125 turns).

kudzoo the Grave Robber (Ghoul Necromancer)         Turns: 3125, Time: 00:54:58

Health: -9/46      AC:  2    Str: 12    XL:     6   Next: 66%
Magic:  10/10      EV: 12    Int: 12    God:    Ignis [*****.]
Gold:   104        SH:  0    Dex: 15    Spells: 6/11 levels left

rFire   + . .      SeeInvis .   E - +1 hand axe (venom)
rCold   + . .      Faith    .   (no shield)
rNeg    + + +      Spirit   .   a - +0 robe
rPois   ∞          Reflect  .   (no helmet)
rElec   .          Harm     .   (no cloak)
rCorr   .          Rampage  .   (no gloves)
Will    .....                   (no boots)
Stlth   ++........              (no amulet)
HPRegen 0.00/turn               c - +6 ring of dexterity
MPRegen 0.12/turn               (no ring)

@: inhibited regen
A: claws 1, cold resistance 1, negative energy resistance 3, inhibited
regeneration, torment resistance 2
a: Renounce Religion, Fiery Armour, Foxfire Swarm, Rising Flame


You were on level 3 of the Dungeon.
You worshipped Ignis.
Ignis was extremely pleased with you.
You visited 1 branch of the dungeon, and saw 4 of its levels.
You also visited: Sewer.

You collected 104 gold pieces.

Inventory:

Hand Weapons
 g - a +0 hand axe
 k - a +0 dagger
 o - a +0 hunting sling
 r - a +0 spear
 t - a +0 hunting sling
 v - a +0 whip
 x - a +0 spear
 y - a +0 short sword
 E - a +1 hand axe of venom (weapon)
Missiles
 h - 53 stones
 A - 32 arrows
 B - 14 poisoned darts
 G - 3 boomerangs
Armour
 a - a +0 robe (worn)
 b - a +0 scale mail
 i - a +0 leather armour
 q - a +0 pair of gloves
 w - a +0 leather armour
 H - a +2 chain mail of fire resistance
Jewellery
 c - a +6 ring of dexterity (left claw)
Wands
 F - a wand of flame (29)
Scrolls
 d - 2 scrolls of enchant armour {unknown}
 e - 3 scrolls of teleportation
 f - 2 scrolls of immolation {unknown}
 j - 2 scrolls of fog
 l - a scroll of amnesia {unknown}
 p - a scroll of magic mapping {unknown}
 u - a scroll of silence {unknown}
 C - 3 scrolls of identify {unknown}
 D - a scroll of enchant weapon {unknown}
Potions
 n - a potion of lignification {unknown}
 s - 2 potions of magic {unknown}
 z - a potion of heal wounds {unknown}


   Skills:
 + Level 0.5 Fighting
 + Level 0.1 Axes
 + Level 2.4 Dodging
 + Level 2.5 Stealth
 - Level 1.8 Unarmed Combat
 + Level 3.3 Spellcasting
 + Level 6.0 Necromancy


You had 6 spell levels left.
You knew the following spells:

 Your Spells              Type           Power      Damage    Failure   Level
a - Pain                  Necr           64%        1d7       1%          1
b - Animate Skeleton      Necr           32%        N/A       1%          1
c - Vampiric Draining     Necr           16%        2d7       6%          3

Your spell library contained the following spells:

 Spells                   Type           Power      Damage    Failure   Level
 Animate Dead             Necr           8%         N/A       19%         4
 Agony                    Necr           16%        N/A       47%         5
 Leda's Liquefaction      Hex/Erth       1%         N/A       93%         4
 Lee's Rapid Deconstruct  Erth           1%         3d5*      100%        5
 Statue Form              Tmut/Erth      Unusable   N/A       N/A         6

Dungeon Overview and Level Annotations

Branches:
Dungeon (4/15)              Sewer (visited)
 Temple: D:4-7

Altars:
Ignis


Innate Abilities, Weirdness & Mutations

You thrive by killing the living.
You are immune to poison.
You have sharp fingernails.
Your flesh is cold resistant. (rC+)
You are immune to negative energy. (rN+++)
You do not regenerate when monsters are visible.
You are immune to unholy pain and torment.


Message History

HP restored.
There is a stone staircase leading down here.
Things that are here:
a +0 trident; an orc skeleton You climb downwards.
The hobgoblin closely misses you. The gnoll closely misses you.
The adder bites you. The goblin hits you with a +0 dagger.
The hobgoblin barely misses you. The gnoll hits you with a +0 flail!
The adder bites you. The goblin misses you.
There is a stone staircase leading up here.
The adder bites you. The gnoll hits you with a +0 flail!
The hobgoblin closely misses you. The goblin hits you with a +0 dagger.
You climb upwards.
There is a stone staircase leading down here.
Things that are here:
a +0 trident; an orc skeleton You hit the hobgoblin but do no damage.
You closely miss the goblin. The hobgoblin closely misses you.
The goblin hits you with a +0 dagger.
You hit the hobgoblin.
The hobgoblin is poisoned.
The hobgoblin is heavily wounded.
You hit the goblin.
The goblin is poisoned.
You kill the goblin!
You feel better. The hobgoblin hits you.
* * * LOW HITPOINT WARNING * * *
The gnoll hits you with a +0 flail.
* * * LOW HITPOINT WARNING * * *
The hobgoblin hits you.
* * * LOW HITPOINT WARNING * * *
You feel better. The gnoll hits you with a +0 flail.
* * * LOW HITPOINT WARNING * * *
The hobgoblin barely misses you.
You hit the gnoll.
The gnoll is poisoned.
The gnoll is lightly wounded.
You hit the hobgoblin.
You kill the hobgoblin!
You feel better. The gnoll closely misses you. The adder closely misses you.
You miss the adder. You hit the gnoll.
The gnoll looks as sick as possible!
The adder bites you.
* * * LOW HITPOINT WARNING * * *
The gnoll hits you with a +0 flail!
You die...

................#.....# #^#
........#.#...#.#.....# #.#
........#.##..........# #.#
........#.#####.#.....# #.#
...>...#...####.#.....# ###.#
.#.####.#.......####### #...#
.#.# #.##....####
########.### .#.#
##.###÷########[.....#.# .#.#
#.#[.##.g@S...####.#.#
...######.#.##.#####.##.....#
..........#.##.#####.##.#†###
###..####.#.......##.##.#.#
.....####.####.##.##......#
.#.....##.# #.##.[.....###
###.......# #.......####
.#...#.##.# #########
..<.......#


You could see a gnoll (extremely poisoned) and an adder.

Vanquished Creatures
  A kobold brigand (D:4)
  A howler monkey (D:3)
  3 orc priests (D:3)
  Jessica (D:3)
  A gnoll (D:3)
  4 adders
  2 river rats (D:3)
  A worm (D:3)
  2 dart slugs (D:2)
  8 orcs
  2 bats
  4 endoplasms
  11 giant cockroaches
  3 goblins
  7 hobgoblins
  2 quokkas (D:3)
  2 ball pythons
  4 frilled lizards
  4 kobolds
  5 rats
68 creatures vanquished.

Vanquished Creatures (collateral kills)
  An orc (D:3)
  A giant cockroach (D:2)
2 creatures vanquished.

Grand Total: 70 creatures vanquished

Notes
Turn   | Place    | Note
-------+----------+-------------------------------------------
     0 | D:1      | kudzoo the Ghoul Necromancer began the quest for the Orb.
     0 | D:1      | Reached XP level 1. HP: 14/14 MP: 2/2
   463 | D:1      | Reached XP level 2. HP: 20/20 MP: 0/4
   515 | D:1      | Learned a level 1 spell: Animate Skeleton
   820 | D:2      | Reached XP level 3. HP: 12/26 MP: 0/5
  1007 | D:2      | Found a faded altar of an unknown god.
  1019 | D:2      | Prayed at the altar of an unknown god.
  1019 | D:2      | Became a worshipper of Ignis, the Dying Flame
  1047 | D:2      | Reached skill level 1 in Unarmed Combat
  1125 | D:3      | Reached XP level 4. HP: 27/33 MP: 1/6
  1312 | D:3      | Found a glowing drain.
  1316 | Sewer    | Entered a sewer
  1368 | Sewer    | Noticed Pargi
  1579 | D:3      | Reached XP level 5. HP: 39/39 MP: 2/8
  1634 | D:3      | Reached skill level 5 in Necromancy
  1900 | D:3      | Noticed Jessica
  2157 | D:3      | Reached XP level 6. HP: 29/46 MP: 0/9
  2538 | D:3      | Killed Jessica
  2555 | D:3      | Reached skill level 6 in Necromancy
  2612 | D:3      | Learned a level 3 spell: Vampiric Draining
  3125 | D:3      | Mangled by a gnoll

Illustrated notes

Levels and vault maps discovered:
D:1:      minmay_arrival_up_and_down, layout_loops_cross, glass_columns_b,
          kennysheep_decorative_pillar, lemuel_flame_loot_1
D:2:      minmay_roachtagon, layout_loops_cross,
          shapermc_ecumenical_altar_pompeii
D:3:      layout_loops_cross, gup_sewer_entry_spiral, minmay_liquid_box,
          uniq_jessica
D:4:      layout_layer_cave

Skill      XL: |  1  2  3  4  5  6 |
---------------+-------------------+-----
Spellcasting   | 2 3 |  3.3
Dodging        | 2 |  2.4
Unarmed Combat | 1 |  1.8
Necromancy     | 5 6 |  6.0
Fighting       | |  0.5
Axes           | |  0.1
Stealth        | |  2.5

Action                   |  1- 3 |  4- 6 || total
-------------------------+-------+-------++-------
Melee: Unarmed           |    79 |    47 ||   126
       Punch             |     1 |     1 ||     2
       Hand axe          |       |    25 ||    25
 Cast: Pain              |    38 |    88 ||   126
       Animate Skeleton  |     2 |     8 ||    10
       Vampiric Draining |       |     1 ||     1
  Use: Potion            |     2 |     1 ||     3
       Scroll            |     2 |       ||     2
 Stab: Sleeping          |     1 |       ||     1
Armor: Robe              |    16 |     7 ||    23
Dodge: Dodged            |    55 |    73 ||   128
